 Dungeon Crawl Stone Soup version 0.21-a0-498-g1b60429 (webtiles) character file.

22 theanonym the Slasher (level 2, -1/23 HPs)
             Began as a Barachi Gladiator on Nov 24, 2017.
             Slain by Sigmund
             ... wielding a +0 vampiric scythe
              (2 damage)
             ... on level 2 of the Dungeon.
             The game lasted 00:02:03 (1121 turns).

theanonym the Slasher (Barachi Gladiator)           Turns: 1121, Time: 00:02:04

Health: -1/23      AC:  6    Str: 15    XL:     2   Next: 91%
Magic:  2/2        EV: 12    Int:  8    God:
Gold:   31         SH:  0    Dex: 13    Spells: 1/1 levels left

rFire    + . .     SeeInvis .   a - +0 long sword
rCold    + . .     Gourm    .   (no shield)
rNeg     . . .     Faith    .   m - +0 ring mail
rPois    +         Spirit   .   c - +0 helmet
rElec    +         Reflect  .   (no cloak)
rCorr    +         Harm     .   (no gloves)
MR       .....                  (no boots)
Stlth    +.........             (no amulet)
HPRegen  0.07/turn              (no ring)
MPRegen  0.08/turn              (no ring)

@: about to teleport, resistant, slow
A: +LOS, swims, slowness 1, strong legs 1
a: Hop


Innate Abilities, Weirdness & Mutations

Shadows flee at your approach. (+LOS)
You can swim through water.
You cover ground slowly.
You can hop short distances.


   Skills:
 + Level 2.9 Fighting
 * Level 4.3 Long Blades
 - Level 2.0 Throwing
 + Level 3.5 Dodging


You had one spell level left.
You didn't know any spells.

Skill      XL: |  1 |
---------------+----+-----
Long Blades    | 4 |  4.3
Fighting       | |  2.9
Throwing       | |  2.0
Dodging        | |  3.5

Action                   || total
-------------------------++-------
Melee: Long sword        ||    56
Throw: Throwing net      ||     1
  Use: Scroll            ||     2
       Potion            ||     1
 Stab: Sleeping          ||     1
  Eat: Chunk             ||     1
Armor: Leather armour    ||    24
       Ring mail         ||     2
Dodge: Dodged            ||    52
       Rpst.: Long sword ||    16

Inventory:

Hand Weapons
 a - a +0 long sword (weapon)
Missiles
 d - 2 throwing nets (quivered)
Armour
 b - a +0 leather armour
 c - a +0 helmet (worn)
 m - a +0 ring mail (worn)
   (You found it on level 1 of the Dungeon)
Jewellery
 g - an uncursed ring of ice {rC+, rF-}
   (You found it on level 1 of the Dungeon)
Scrolls
 h - a scroll of enchant weapon {unknown}
 j - 2 scrolls of remove curse
 r - a scroll of identify
Comestibles
 f - 2 bread rations
 l - a chunk of flesh

Dungeon Overview and Level Annotations

Branches:
Dungeon (2/15)

Altars:

Annotations:
D:2 Sigmund


You were on level 2 of the Dungeon.
You were not hungry.

You visited 1 branch of the dungeon, and saw 2 of its levels.

You collected 31 gold pieces.


Message History

Things that are here:
a dagger of holy wrath; a kobold corpse You aren't carrying any pieces of jewellery.
Unknown command.
g - a scratched pearl ring Put on which piece of jewellery? (? for menu, Esc to quit)
You feel more attuned to ice.
g - a ring of ice (left hand)
Found 14 sling bullets.
Put on which piece of jewellery? (? for menu, Esc to quit)
You remove your ring of ice {rC+, rF-}.
A goblin comes into view.
A goblin is nearby!
A goblin is nearby!
A goblin is nearby!
The goblin closely misses you.
You barely miss the goblin. The goblin barely misses you.
You hit the goblin.
You are feeling hungry.
The goblin hits you.
You take 1 damage, and have 22/23 hp.
You closely miss the goblin. The goblin hits you but does no damage.
The goblin barely misses you.
You hit the goblin.
You kill the goblin!
You butcher the goblin corpse.
l - 2 chunks of flesh Eating one of 2 chunks of flesh.
You eat one of the 2 chunks of flesh.
Done exploring.
Health restored: 23 No target in view!
Done exploring.
Done exploring.
Done exploring.
Done exploring.
Search for what [? for help]? armor You see here a ring mail.
m - a ring mail Wear which item? (? for menu, Esc to quit)
You start removing your armour.
You continue taking off your +0 leather armour. x4
You finish taking off your +0 leather armour.
You start putting on your armour.
You continue putting on your ring mail. x5
You finish putting on your +0 ring mail.
You see here 26 sling bullets.
There is a stone staircase leading down here.
You climb downwards.
There is a stone staircase leading up here.
Found 12 stones.
Found a stone staircase leading down.
You see here 12 stones.
There is a stone staircase leading down here.
A frilled lizard comes into view.
You hit the frilled lizard.
You kill the frilled lizard!
No target in view!
No target in view!
No target in view!
Found a stone staircase leading down.
A hobgoblin comes into view. It is wielding a club.
The hobgoblin shouts!
A hobgoblin is nearby!
A hobgoblin is nearby!
A hobgoblin is nearby!
A worm comes into view.
The hobgoblin hits you but does no damage.
Found a stone staircase leading down.
You slash the hobgoblin!
You kill the hobgoblin!
Sigmund the Dreaded comes into view.
He is wielding a vampiric scythe.
Sigmund shouts!
The worm bites you!
You take 9 damage, and have 14/23 hp.
MASSIVE DAMAGE!!
You are too injured to fight recklessly!
You are too injured to fight recklessly!
You are too injured to fight recklessly!
You are too injured to fight recklessly!
It was a potion of resistance.
You feel protected. The worm completely misses you.
Okay, then.
Sigmund hits you with a vampiric scythe!
Ouch! That really hurt!
* * * LOW HITPOINT WARNING * * *
You take 13 damage, and have 1/23 hp.
MASSIVE DAMAGE!!
You aren't carrying any potions.
Okay, then.
Aim: Sigmund, wielding a vampiric scythe and wearing a robe You throw a throwing net.
The throwing net closely misses Sigmund.
The worm barely misses you.
As you read the scroll labeled LAMURE SOAL, it crumbles to dust.
It is a scroll of identify.
j - 2 scrolls of remove curse;
r - a scroll of identify Sigmund barely misses you.
You riposte.
You slash Sigmund!
As you read the scroll labeled LUFOEC ZAXUSON, it crumbles to dust.
You feel strangely unstable.
It was a scroll of teleportation.
The worm bites you but does no damage.
Sigmund hits you with a vampiric scythe.
You die...

# #....##. # #...... ##.
#..... ...##### #...####
#......# #......
####..###.#####...#####.
.....##................
#..........)........
#.##.......@........
#.....#####w@.#####.
#..#### #..(....
.#####..# #...#####
.....>..# #...#
#######.# #>..# ...# #.#
#...# ##.# #.# ....#
##.####.# ....#


You could see Sigmund and a worm.

Notes
Turn   | Place    | Note
-------+----------+-------------------------------------------
     0 | D:1      | theanonym the Barachi Gladiator began the quest for the Orb.
     0 | D:1      | Reached XP level 1. HP: 17/17 MP: 1/1
   313 | D:1      | Reached skill level 4 in Long Blades
   313 | D:1      | Reached XP level 2. HP: 23/23 MP: 2/2
  1116 | D:2      | Noticed Sigmund
  1118 | D:2      | HP: 1/23 [Sigmund/vampiric scythe (13)]
  1121 | D:2      | Slain by Sigmund

Vanquished Creatures
  A dart slug (D:1)
  3 hobgoblins
  2 ball pythons (D:1)
  7 bats (D:1)
  3 frilled lizards
  2 goblins (D:1)
  3 kobolds (D:1)
  2 rats (D:1)
23 creatures vanquished.
